 Dungeon Crawl Stone Soup version 0.23-a0-703-gdf2d5e0 (webtiles) character file.

32 Firecrotchwizard the Firebug (level 3, -1/19 HPs)
             Began as a Deep Elf Fire Elementalist on Jan 13, 2019.
             Slain by an adder (3 damage)
             ... on level 1 of the Dungeon.
             The game lasted 00:04:11 (1483 turns).

Firecrotchwizard the Firebug (DEFE)                 Turns: 1483, Time: 00:04:12

Health: -1/19      AC:  2    Str: 10    XL:     3   Next: 10%
Magic:  6/9        EV: 18    Int: 20    God:
Gold:   47         SH:  0    Dex: 20    Spells: 4/8 levels left

rFire    . . .     SeeInvis .   e - +0 dagger
rCold    . . .     Gourm    .   (no shield)
rNeg     . . .     Faith    .   a - +0 robe
rPois    .         Spirit   .   (no helmet)
rElec    .         Reflect  .   (no cloak)
rCorr    .         Harm     .   (no gloves)
MR       .....                  (no boots)
Stlth    ++++......             (no amulet)
HPRegen  0.06/turn              (no ring)
MPRegen  0.11/turn              (no ring)

@: mighty, agile, lethally poisoned (-1 -> -7)
A: no striking features
a: no special abilities


You were on level 1 of the Dungeon.
You were not hungry.

You visited 1 branch of the dungeon, and saw 2 of its levels.

You collected 47 gold pieces.

Inventory:

Hand Weapons
 e - a +0 dagger (weapon)
   (You took it off a kobold on level 1 of the Dungeon)
 j - a +0 hunting sling
   (You found it on level 1 of the Dungeon)
Missiles
 k - 7 javelins of returning (quivered)
 l - 6 tomahawks
Armour
 a - a +0 robe (worn)
Scrolls
 h - 2 scrolls of remove curse {unknown}
Potions
 f - a potion of curing {unknown}
 i - a potion of lignification {unknown}
Comestibles
 c - 5 rations
 d - 7 chunks of flesh {@w0}


   Skills:
 - Level 2.4 Dodging
 + Level 3.0 Stealth
 + Level 3.4 Spellcasting
 * Level 2.3 Conjurations
 + Level 3.6 Fire Magic


You had 4 spell levels left.
You knew the following spells:

 Your Spells              Type           Power        Failure   Level  Hunger
a - Flame Tongue          Conj/Fire      ###..        4%          1    None
c - Conjure Flame         Conj/Fire      ###.....     12%         3    ###....

Your spell library contained the following spells:

 Spells                   Type           Power        Failure   Level  Hunger
 Throw Flame              Conj/Fire      ###...       6%          2    ##.....
 Inner Flame              Hex/Fire       ##......     19%         3    ###....
 Sticky Flame             Conj/Fire      ###.....     38%         4    ####...
 Fireball                 Conj/Fire      ###.......   75%         5    ######.


Dungeon Overview and Level Annotations

Branches:
Dungeon (2/15)

Altars:


Message History

There is a stone staircase leading up here.
Aim: a hobgoblin The flame tongue hits the hobgoblin.
You now have 2/9 mp.
Aim: a hobgoblin (heavily wounded)
You miscast Flame Tongue.
You are very lightly contaminated with residual magic.
Nothing appears to happen.
The hobgoblin hits you.
You take 2 damage, and have 14/19 hp.
Aim: a hobgoblin (heavily wounded)
The flame tongue hits the hobgoblin.
You kill the hobgoblin!
You now have 1/9 mp.
d - 6 chunks of flesh {@w0} (gained 4)
Things that are here:
a +0 club; a hobgoblin corpse; a hobgoblin skeleton You butcher the hobgoblin corpse.
d - 9 chunks of flesh {@w0} (gained 3)
Things that are here:
a +0 club; a hobgoblin skeleton x2
There is a stone staircase leading up here.
You start resting.
Your magical contamination has completely faded away.
You regained 2 mp, and now have 3/9 mp.
You start resting.
A gnoll comes into view. It is wielding a +0 halberd.
You climb upwards.
There is a stone staircase leading down here.
You start resting.
Health restored: 19; MP restored: 9 Eating one of 9 chunks of flesh {@w0}.
You eat one of the 9 chunks of flesh {@w0}.
There is a stone staircase leading down here.
Memorise Conjure Flame, consuming 3 spell levels and leaving 4?
You start memorising the spell.
You continue memorising. x3
You finish memorising.
Spell assigned to 'c'.
You climb downwards.
An adder, 2 rats, a quokka and a goblin come into view.
The goblin hits you but does no damage.
The quokka moves out of view.
There is a stone staircase leading up here.
Aim: a goblin, wielding a +0 dagger
Okay, then.
The adder hisses angrily.
You hit the goblin.
The goblin hits you with a cursed +0 dagger.
You take 3 damage, and have 16/19 hp.
You barely miss the goblin.
A goblin comes into view. It is wielding a +0 club.
The goblin hits you with a cursed +0 dagger.
You take 2 damage, and have 14/19 hp.
You barely miss the goblin. The goblin hits you but does no damage.
Aim: an adder The flame tongue hits the adder.
The adder appears unharmed.
The goblin closely misses you.
You now have 8/9 mp.
Aim: an adder The flame tongue hits the adder.
The adder misses you. The goblin hits you but does no damage.
You now have 7/9 mp.
Aim: an adder (moderately wounded)
The flame tongue misses the adder.
The adder bites you. The goblin closely misses you.
You take 4 damage, and have 10/19 hp.
MASSIVE DAMAGE!!
You now have 6/9 mp.
The adder bites you but does no damage. The rat barely misses you.
The adder completely misses you. The goblin hits you but does no damage.
You climb upwards.
There is a stone staircase leading down here.
The adder closely misses you.
Some of the chunks of flesh in your inventory have rotted away.
You hit the rat. The rat closely misses you.
You barely miss the rat. The rat bites you.
You take 3 damage, and have 7/19 hp.
You hit the rat.
You kill the rat!
Aim: an adder (lightly wounded)
The flame tongue hits the adder.
The adder barely misses you. The adder bites you.
* * * LOW HITPOINT WARNING * * *
You are lethally poisoned!
The adder poisons you!
You take 4 damage, and have 4/19 hp.
MASSIVE DAMAGE!!
You now have 6/9 mp.
Aim: an adder (heavily wounded)
The flame tongue hits the adder.
* * * LOW HITPOINT WARNING * * *
You feel sick. The adder closely misses you.
You take 1 damage, and have 3/19 hp.
You now have 5/9 mp.
Unknown command.
It was a potion of might.
You feel very mighty all of a sudden.
* * * LOW HITPOINT WARNING * * *
You feel sick. The adder completely misses you.
You take 1 damage, and have 2/19 hp.
It was a potion of agility.
You feel agile all of a sudden. The adder bites you.
You die...

#.# #.##.# #.# #.##.#
#.# #.##.# #.###.#...
##############..##..#.#
#...............##.###.
#.####g..g...........##
#.# #S#####>...##.#.#.
#.####@# #.##.##....#
##......# #....##.....
#.......# #.######...#
#.#.....#####.# ##.##
#.............# #.#
###.....#..#### #.#
###.###..### #.# #.#
#....# #.# #.# ##.#.#
#.#


You could see an adder and a goblin.

Vanquished Creatures
  An adder (D:2)
  A giant cockroach (D:2)
  A goblin (D:1)
  4 hobgoblins
  A quokka (D:2)
  2 bats (D:1)
  2 frilled lizards
  7 kobolds
  5 rats (D:1)
24 creatures vanquished.

Notes
Turn   | Place    | Note
-------+----------+-------------------------------------------
     0 | D:1      | Firecrotchwizard the Deep Elf Fire Elementalist began the
                  | quest for the Orb.
     0 | D:1      | Reached XP level 1. HP: 10/10 MP: 6/6
   221 | D:1      | Reached XP level 2. HP: 9/15 MP: 0/8
  1258 | D:2      | Reached skill level 2 in Conjurations
  1304 | D:2      | Reached XP level 3. HP: 15/19 MP: 4/9
  1320 | D:2      | Reached skill level 3 in Stealth
  1460 | D:1      | Learned a level 3 spell: Conjure Flame
  1480 | D:1      | HP: 4/19 [adder (4)]
  1483 | D:1      | Slain by an adder

Vault maps used:
D:1:      dpeg_arrival_central
D:2:      wad_woods_stonehenge

Skill      XL: |  1  2  3 |
---------------+----------+-----
Conjurations   | 2 |  2.3
Stealth        | 3 |  3.0
Dodging        | |  2.4
Spellcasting   | |  3.4
Fire Magic     | |  3.6

Action                   || total
-------------------------++-------
Melee: Dagger            ||    22
Throw: Javelin           ||     2
 Cast: Flame Tongue      ||    35
  Use: Potion            ||     2
 Stab: Sleeping          ||     1
  Eat: Chunk             ||     2
Armor: Robe              ||     9
Dodge: Dodged            ||    36

Table legend:
 A = Non-vault XP
 B = Vault XP
 C = Vault XP percentage of total XP
 D = Non-vault monster count
 E = Vault monster count
 F = Vault count percentage of total count
                 A         B        C        D         E       F
            +---------+---------+-------+---------+---------+-------
      Total |      45 |       2 |   4.3 |      23 |       1 |   4.2
            +---------+---------+-------+---------+---------+-------
        D:1 |      21 |       0 |   0.0 |      16 |       0 |   0.0
        D:2 |      24 |       2 |   7.7 |       7 |       1 |  12.5
            +---------+---------+-------+---------+---------+-------

Vault maps used:
D:1:      dpeg_arrival_central
D:2:      wad_woods_stonehenge

Table legend:
 A = Turns spent in this place as a percentage of turns spent in the entire game.
 B = Non-inter-level travel turns spent in this place as a percentage of non-inter-level travel turns spent in the entire game.
 C = Inter-level travel turns spent in this place as a percentage of turns spent in this place.
 D = Turns resting spent in this place as a percentage of non-inter-level travel turns spent in this place.
 E = Turns spent auto-exploring this place as a percentage of non-inter-level travel turns spent in this place.
 F = Non-inter-level travel turns spent in this place divided by the number of levels of this place that you've seen.
                   A       B       C       D       E      F
               +-------+-------+-------+-------+-------+----------------------
         Total | 100.0 | 100.0 |   7.8 |  41.8 |  35.2 | 683.5
       Dungeon | 100.0 | 100.0 |   7.8 |  41.8 |  35.2 | 683.5
               +-------+-------+-------+-------+-------+----------------------

Table legend:
 A = Kills in this place as a percentage of kills in entire the game.
 B = Kills by you in this place as a percentage of kills by you in the entire game.
 C = Kills by friends in this place as a percentage of kills by friends in the entire game.
 D = Other kills in this place as a percentage of other kills in the entire game.
 E = Experience gained in this place as a percentage of experience gained in the entire game.
 F = Experience gained in this place divided by the number of levels of this place that you have seen.
                   A       B       C       D       E      F
               +-------+-------+-------+-------+-------+----------------------
         Total | 100.0 | 100.0 |   N/A |   N/A | 100.0 |  23.5
       Dungeon | 100.0 | 100.0 |   N/A |   N/A | 100.0 |  23.5
               +-------+-------+-------+-------+-------+----------------------
